Map: Berlingrad LE

Players

SirSwaggins - Winner!

  • Race: Protoss Protoss
  • League: Silver

CESARE

  • Race: Terran Terran
  • League: Gold

VOD

Have the link to the VOD?

Description

Time

  • Played on: Nov. 4, 2021, 12:03 a.m.
  • Length: 12:57
Show
View Real Time Build Order
Export as new Build Order

SirSwaggins Protoss - Winner!

Build Orders: 1 Gate Expand 

Get SALT Encoding   

  12  0:00  Probe  
  13  0:12  Probe  
  14  0:19  Pylon  
  14  0:24  Probe  
  15  0:39  Gateway  
  15  0:45  Probe (Chrono Boost)  
  16  0:54  Probe (Chrono Boost)  
  17  0:59  Probe (Chrono Boost)  
  18  1:11  Probe  
  18  1:12  Assimilator  
  19  1:25  Nexus  
  19  1:31  Probe  
  20  1:43  Probe  
  21  1:48  Assimilator  
  21  1:56  Cybernetics Core, Zealot (Chrono Boost)  
  23  2:05  Pylon  
  23  2:14  Gateway  
  23  2:26  Probe (Chrono Boost)  
  24  2:34  Pylon  
  24  2:36  Probe (Chrono Boost)  
  25  2:41  Probe (Chrono Boost)  
  27  2:44  Warp Gate  
  27  2:45  Probe (Chrono Boost)  
  27  2:47  Stalker  
  27  2:50  Probe (Chrono Boost)  
  30  2:56  Forge  
  30  3:00  Probe x2  
  32  3:15  Twilight Council  
  32  3:19  Probe (Chrono Boost)  
  34  3:23  Probe (Chrono Boost)  
  34  3:29  Probe (Chrono Boost)  
  34  3:33  Probe (Chrono Boost)  
  36  3:35  Stalker (Chrono Boost)  
  36  3:38  Probe  
  41  3:41  Stalker (Chrono Boost)  
  41  3:43  Probe  
  42  3:50  Probe  
  43  3:56  Probe  
  43  4:01  Stalker (Chrono Boost)  
  47  4:02  Probe  
  47  4:03  Charge  
  47  4:06  Stalker (Chrono Boost)  
  47  4:08  Pylon, Probe  
  50  4:25  Probe x2  
  50  4:28  Protoss Ground Weapons Level 1 (Chrono Boost)  
  50  4:29  Assimilator  
  52  4:31  Assimilator  
  52  4:37  Probe x2  
  54  4:43  Nexus  
  54  4:49  Probe x2  
  56  5:05  Zealot x2  
  60  5:15  Probe x2  
  62  5:28  Pylon  
  62  5:30  Pylon  
  62  5:33  Gateway  
  62  5:35  Gateway  
  62  5:40  Gateway  
  62  5:42  Gateway  
  62  5:43  Blink  
  62  5:46  Probe x2 (Chrono Boost)  
  62  5:47  Zealot x2  
  68  5:57  Probe (Chrono Boost)  
  71  6:04  Probe x2 (Chrono Boost)  
  71  6:07  Probe (Chrono Boost)  
  74  6:11  Probe x2 (Chrono Boost)  
  74  6:12  Probe (Chrono Boost)  
  75  6:19  Stalker x2  
  75  6:23  Probe x3  
  82  6:35  Probe x2  
  82  6:38  Pylon  
  82  6:43  Probe  
  83  6:47  Assimilator, Probe x2  
  83  6:50  Assimilator  
  85  6:55  Probe  
  86  7:12  Probe x3  
  86  7:14  Pylon  
  89  7:16  Pylon  
  89  7:18  Nexus  
  89  7:19  Zealot x2  
  89  7:20  Zealot x4  
  101  7:26  Pylon  
  101  7:28  Pylon  
  101  7:35  Gateway  
  101  7:37  Gateway  
  101  7:44  Robotics Facility  
  101  7:47  Sentry x4  
  101  7:48  Sentry x2  
  113  8:12  Robotics Facility  
  113  8:14  Robotics Facility  
  111  8:22  Stargate, Photon Cannon  
  107  8:36  Warp Prism (Chrono Boost)  
  109  8:53  Pylon  
  109  9:14  Pylon  
  107  9:23  Probe  
  107  9:24  Probe x3  
  111  9:47  Robotics Bay  
  111  9:49  Photon Cannon  
  111  9:52  Photon Cannon  
  111  9:55  Photon Cannon  
  111  10:01  Photon Cannon  
  111  10:03  Photon Cannon  
  111  10:05  Stalker x3, Photon Cannon  
  111  10:06  Stalker x3  
  123  10:07  Photon Cannon  
  123  10:17  Immortal  
  123  10:18  Immortal  
  131  10:21  Phoenix  
  133  10:31  Stargate  
  133  10:35  Stargate  
  133  10:36  Pylon  
  133  10:42  Pylon  
  133  10:46  Phoenix, Pylon  
  138  10:57  Immortal x2  
  142  11:11  Phoenix  
  142  11:36  Immortal x2, Phoenix  
  144  12:01  Phoenix  
  146  12:15  Immortal x2  
Show
View Real Time Build Order
Export as new Build Order

CESARE Terran 

Build Orders:  

Get SALT Encoding   

  12  0:19  Supply Depot  
  12  0:28  Refinery  
  12  0:32  Refinery  
  12  0:43  Barracks  
  12  0:58  SCV  
  13  1:13  Engineering Bay  
  13  1:30  Supply Depot, Orbital Command  
  13  1:45  Missile Turret  
  13  2:17  Bunker  
  13  2:21  Terran Infantry Weapons Level 1  
  13  2:28  Barracks Tech Lab  
  13  2:49  Marine  
  14  3:07  Marine  
  15  3:15  Factory  
  15  3:24  Marine, Missile Turret  
  16  3:42  Marine  
  17  3:54  SCV  
  18  4:02  Supply Depot  
  18  4:06  SCV  
  19  4:14  Ghost Academy  
  19  4:15  Terran Infantry Armor Level 1  
  19  4:18  SCV  
  19  4:23  Factory Tech Lab  
  20  4:24  Supply Depot  
  20  4:30  SCV  
  20  4:31  Starport  
  21  4:34  Combat Shield  
  21  4:42  SCV  
  22  5:01  SCV  
  23  5:11  Starport Tech Lab  
  23  5:13  SCV  
  24  5:26  Command Center  
  24  5:32  Fusion Core  
  24  5:53  Concussive Shells  
  24  6:23  Missile Turret  
  24  6:34  Battlecruiser  
  30  6:43  Orbital Command  
  30  6:52  Missile Turret  
  32  7:12  Missile Turret  
  32  7:13  Ghost Academy  
  32  7:30  Unknown  
  32  7:52  Armory  
  32  7:53  Ghost Academy  
  32  8:08  Orbital Command  
  32  8:09  Nuke  
  32  8:52  Orbital Command  
  32  9:11  Nuke  
  32  9:20  SCV  
  33  9:32  SCV, Weapon Refit  
  34  9:38  Missile Turret  
  34  9:45  SCV  
  35  9:54  Personal Cloaking  
  35  9:55  Refinery  
  35  9:57  SCV  
  35  9:58  Refinery  
  35  9:59  Missile Turret  
  36  10:09  SCV  
  37  10:14  Nuke  
  37  10:21  Ghost Academy, SCV  
  38  10:33  SCV  
  41  10:59  Unknown  
  41  11:00  Missile Turret  
  41  11:19  Missile Turret  
  41  11:20  Missile Turret  
  41  11:32  Siege Tank  
  37  11:43  Missile Turret  
Tags
 
Add a new tag
Caveats
  • Supply blocks, unpowered buildings, or Contaminate may cause inaccurate times.
  • Supply counts are checked every 10 seconds.